 Dungeon Crawl Stone Soup version 0.32-a0-791-gfc315c9ecd (webtiles) character file.

Game seed: 1484599036261102261

30 Arum the Apothecary (level 3, 0/2 HPs)
             Began as a Formicid Alchemist on Mar 20, 2024.
             Slain by a kobold
             ... wielding a +0 short sword
              (2 damage)
             ... on level 2 of the Dungeon.
             The game lasted 00:04:50 (1258 turns).

Arum the Apothecary (Formicid Alchemist)            Turns: 1258, Time: 00:04:51

Health: 0/2        AC:  2    Str: 17    XL:     3   Next: 35%
Magic:  7/7        EV:  9    Int: 16    God:
Gold:   75         SH:  0    Dex: 14    Spells: 1/7 levels left

rFire   . . .        (weapon currently unavailable)
rCold   . . .        (shield currently unavailable)
rNeg    . . .        a - melded +0 robe
rPois   +            (helmet unavailable)
rElec   .            (cloak currently unavailable)
rCorr   .            f - melded +0 pair of gloves
SInv    .            (boots currently unavailable)
Will    .....        (no amulet)
Stlth   ++           (no ring)
HPRegen 0.20/turn    (no ring)
MPRegen 0.10/turn

%: no passive effects
@: snake-form
A: constrict, reduced hp, permanent stasis, dig shafts and tunnels, large,
(antennae 3), four strong arms
a: Begin Untransformation


You were on level 2 of the Dungeon.
You were an enormous serpent.
You visited 1 branch of the dungeon, and saw 2 of its levels.

You collected 75 gold pieces.

Inventory:

Armour
 a - a +0 robe (melded)
 f - a +0 pair of gloves (melded)
Talismans
 h - a serpent talisman (active)
Scrolls
 c - a scroll of fog {unknown}
 e - a scroll of identify {unknown}
Potions
 b - a potion of magic
 d - 2 potions of attraction {unknown}
 g - a potion of cancellation {unknown}


   Skills:
 - Level 1.7 Dodging
 - Level 2.4 Stealth
 + Level 2.8 Spellcasting
 + Level 1.6 Conjurations
 + Level 4.6 Alchemy


You had one spell level left.
You knew the following spells:

 Your Spells              Type           Power      Damage    Failure   Level
a - Sting                 Conj/Alch      48%        1d6       5%          1
b - Mephitic Cloud        Conj/Alch/Air  8%         N/A       24%         3
c - Mercury Vapours       Alch/Air       18%        N/A       11%         2

Your spell library contained the following spells:

 Spells                   Type           Power      Damage    Failure   Level
 Olgreb's Toxic Radiance  Alch           16%        N/A       28%         4
 Inner Flame              Hex/Fire       2%         N/A       50%         3
 Sticky Flame             Fire/Alch      9%         2d5       58%         4
 Flame Wave               Conj/Fire      4%         2d5       80%         4


Dungeon Overview and Level Annotations

Branches:
Dungeon (2/15)

Altars:

Shops:
D:1 (


Innate Abilities, Weirdness & Mutations

You are an enormous serpent.
You have a powerful constriction melee attack.
Your maximum health is decreased, since you lack skill for your form.
Your armour is entirely melded.
You are incapable of wielding weapons or throwing items.
You cannot be hasted, slowed, berserked, paralysed or teleported.
You can dig through walls and to a lower floor.
((You have a pair of large antennae on your head. (SInv)))
Your four strong arms can wield two-handed weapons with a shield.


Message History

You are frozen.
Casting: Sting (safe; 5% risk of failure)
Confirm with . or Enter, or press ? or * to list all spells.
Aiming: Sting (safe; 5% risk of failure)
Press: ? - help, Shift-Dir - straight line, f/p - endoplasm
Aim: an endoplasm (almost dead, very poisoned, 98% to hit)
You miscast Sting.
You are very lightly contaminated with residual magic.
Nothing appears to happen.
The endoplasm hits you but does no damage.
Casting: Sting (safe; 5% risk of failure)
Confirm with . or Enter, or press ? or * to list all spells.
Aiming: Sting (safe; 5% risk of failure)
Press: ? - help, Shift-Dir - straight line, f/p - endoplasm
Aim: an endoplasm (almost dead, very poisoned, 98% to hit)
The sting hits the endoplasm.
The endoplasm partially resists.
You kill the endoplasm!
You start resting.
Your magical contamination has completely faded away.
You start resting.
HP restored.
Magic restored.
You see here a +0 dagger.
You sense a monster nearby.
You now have 75 gold pieces (gained 10).
You see here a serpent talisman.
You sense a monster nearby.
You see here a serpent talisman.
h - a serpent talisman You begin transforming.
You continue transforming. x3
You turn into an enormous serpent.
Your +0 pair of gloves melds into your body.
Your +0 robe melds into your body.
A quokka comes into view.
A hobgoblin comes into view.
A kobold comes into view. It is wielding a +0 short sword.
The kobold shouts!
The kobold hits you with a +0 short sword.
Ouch! That really hurt!
You die...

#######
##...... ...
..# #.# #K#
#######.###S#
r...........#
######.##.....#
#.##.#####
#.##.# ###
#.##.# . ..
#.##.#
.##.##.##.#
....#.##g#


You could see a kobold.

Vanquished Creatures
  A dart slug (D:1)
  2 bats (D:1)
  An endoplasm (D:2)
  A giant cockroach (D:1)
  2 goblins
  6 hobgoblins
  3 jackals (D:1)
  A kobold (D:1)
  A quokka (D:1)
  2 ball pythons (D:1)
  3 frilled lizards (D:1)
  A rat (D:1)
24 creatures vanquished.

Notes
Turn   | Place    | Note
-------+----------+-------------------------------------------
     0 | D:1      | Arum the Formicid Alchemist began the quest for the Orb.
     0 | D:1      | Reached XP level 1. HP: 13/13 MP: 3/3
    17 | D:1      | Found Peosug's Weapon Boutique.
    26 | D:1      | Reached skill level 1 in Conjurations
   327 | D:1      | Reached XP level 2. HP: 17/19 MP: 0/5
   763 | D:1      | Reached XP level 3. HP: 24/24 MP: 4/7
  1030 | D:2      | Learned a level 3 spell: Mephitic Cloud
  1033 | D:2      | Learned a level 2 spell: Mercury Vapours
  1258 | D:2      | Slain by a kobold

Illustrated notes

Levels and vault maps discovered:
D:1:      psy_arrival_terrarium, layout_basic, serial_shops, shop
D:2:      layout_loops_ring, uniq_jessica

Skill      XL: |  1 |
---------------+----+-----
Conjurations   | 1 |  1.6
Dodging        | |  1.7
Stealth        | |  2.4
Spellcasting   | |  2.8
Alchemy        | |  4.6

Action                     || total
---------------------------++-------
  Melee: Unarmed           ||    17
   Cast: Sting             ||    42
         Mercury Vapours   ||     2
         Mephitic Cloud    ||     1
   Stab: Sleeping          ||     1
         Confused          ||     1
 Armour: Robe              ||    13
         Skin              ||     1
  Dodge: Dodged            ||    18
   Form: Serpent           ||     1

Table legend: (Time is in decaauts)
 A = Elapsed time spent in this place.
 B = Non-inter-level travel time spent in this place.
 C = Inter-level travel time spent in this place.
 D = Time resting spent in this place.
 E = Time spent auto-exploring this place.
 F = Levels seen in this place.
 G = Mean time per level.
                   A        B        C        D        E       F      G
               +--------+--------+--------+--------+--------+-----+--------+
         Total |   1257 |   1224 |     33 |    218 |    759 |   2 |  628.5 |
       Dungeon |   1257 |   1224 |     33 |    218 |    759 |   2 |  628.5 |
               +--------+--------+--------+--------+--------+-----+--------+

Top non-repeatable levels by time:
     D:1: 996 daAuts
     D:2: 261 daAuts
